 Dungeon Crawl Stone Soup version 0.29-a0-598-gd8304a5bf4 (webtiles) character file.

Game seed: 12591503325328645689

939 zishaf the Zephyrmancer (level 8, -1/47 HPs)
             Began as a Tengu Air Elementalist on June 15, 2022.
             Slain by an ice beast (12 damage)
             ... on level 5 of the Dungeon.
             The game lasted 00:08:17 (5157 turns).

zishaf the Zephyrmancer (Tengu Air Elementalist)    Turns: 5157, Time: 00:08:19

Health: -1/47      AC:  2    Str: 10    XL:     8   Next: 12%
Magic:  12/23      EV: 14    Int: 17    God:
Gold:   237        SH:  0    Dex: 14    Spells: 1/14 levels left

rFire   . . .      SeeInvis +   a - +2 dagger (freeze)
rCold   . . .      Faith    .   (no shield)
rNeg    . . .      Spirit   .   b - +0 robe
rPois   .          Reflect  .   (helmet restricted)
rElec   .          Harm     .   (no cloak)
rCorr   .          Rampage  .   (no gloves)
Will    .....                   (boots unavailable)
Stlth   ++........              (no amulet)
HPRegen 0.15/turn               l - ring of see invisible
MPRegen 0.18/turn               e - ring of magical power

@: flying quickly and evasively, quick
A: beak, talons 3, nimble flight
a: no special abilities


You were on level 5 of the Dungeon.
You visited 1 branch of the dungeon, and saw 5 of its levels.

You collected 237 gold pieces.

Inventory:

Hand Weapons
 a - a +2 dagger of freezing (weapon)
 f - the +7 great mace "Firestarter" {inner flame, rF++}
   (You found it on level 3 of the Dungeon)

   It burns those it strikes, dealing additional fire damage.
   It fills those it strikes with an explosive inner flame.
   It grants immunity to clouds of flame.
   rF:        It greatly protects you from fire.
 h - a +0 hunting sling of flaming
Armour
 b - a +0 robe (worn)
Jewellery
 e - a ring of magical power (right hand)
 l - a ring of see invisible (left hand)
Wands
 k - a wand of charming (12)
Scrolls
 c - a scroll of enchant weapon
 g - 2 scrolls of blinking {unknown}
Potions
 d - a potion of lignification {unknown}
 i - 2 potions of curing
 j - a potion of might {unknown}
 m - 2 potions of heal wounds {unknown}
 n - a potion of attraction {unknown}


   Skills:
 + Level 3.6 Fighting
 - Level 2.1 Dodging
 - Level 2.0 Stealth
 + Level 3.6 Spellcasting
 * Level 6.8 Conjurations
 * Level 8.0 Air Magic


You had one spell level left.
You knew the following spells:

 Your Spells              Type           Power      Damage    Failure   Level
a - Shock                 Conj/Air       100%       1d9       1%          1
b - Static Discharge      Conj/Air       28%        N/A       1%          2
c - Airstrike             Air            15%        N/A       6%          4
d - Conjure Ball Lightni  Conj/Air       14%        3x3d6     75%         6

Your spell library contained the following spells:

 Spells                   Type           Power      Damage    Failure   Level
 Swiftness                Air            30%        N/A       1%          3
 Iskenderun's Battlesphe  Conj           26%        2d8       28%         5
 Call Canine Familiar     Summ           3%         N/A       45%         3
 Gell's Gravitas          Tloc           3%         N/A       45%         3
 Lesser Beckoning         Tloc           3%         N/A       45%         3
 Portal Projectile        Hex/Tloc       6%         N/A       45%         3
 Teleport Other           Tloc           3%         N/A       45%         3
 Fireball                 Conj/Fire      7%         3d5       75%         5
 Leda's Liquefaction      Hex/Erth       1%         N/A       86%         4
 Orb of Destruction       Conj           13%        9d7       100%        7


Dungeon Overview and Level Annotations

Branches:
Dungeon (5/15)
 Temple: D:4-7

Altars:


Innate Abilities, Weirdness & Mutations

You have a beak for a mouth.
You have claws for feet.
Your magical nature lets you fly swiftly and evasively.


Message History

The lightning grounds out.
The hound barks!
You hear a shout!
You hear an angry hiss.
Casting: Static Discharge (safe; 1% risk of failure)
Confirm with . or Enter, or press ? or * to list all spells.
The hound is struck by an arc of lightning!
The hound is severely wounded.
You are struck by an arc of lightning.
The lightning grounds out.
The hound bites you. The hound closely misses you.
Casting: Static Discharge (safe; 1% risk of failure)
Confirm with . or Enter, or press ? or * to list all spells.
The hound is struck by an arc of lightning!
You kill the hound!
The lightning grounds out.
A lemure comes into view.
Your Air Magic skill increases to level 8!
Casting: Static Discharge (safe; 1% risk of failure)
Confirm with . or Enter, or press ? or * to list all spells.
The ice beast is struck by an arc of lightning!
The ice beast is heavily wounded.
You are struck by an arc of lightning.
The lightning grounds out.
The hound is struck by an arc of lightning.
The hound is moderately wounded.
You are struck by an arc of lightning.
The ice beast is struck by an arc of lightning.
The ice beast is severely wounded.
The lightning grounds out.
The hound barely misses you. The ice beast hits you. The ice beast freezes you!
Casting: Static Discharge (safe; 1% risk of failure)
Confirm with . or Enter, or press ? or * to list all spells.
The ice beast is struck by an arc of lightning!
The ice beast is almost dead.
You are struck by an arc of lightning.
The lightning grounds out.
The hound is struck by an arc of lightning.
The hound is heavily wounded.
The lightning grounds out.
The hound bites you.
* * * LOW HITPOINT WARNING * * *
The ice beast hits you.
* * * LOW HITPOINT WARNING * * *
The ice beast freezes you!
You die...

.##...#.............
.##...#.........#.
###...#........##
#.###........# #.#
#........# ..#
######...###..
##.(.......#
########.....#######...
..............Y@h....5.
.....#.############....
... ... . . ....#
...... ...).# .....
.....


You could see an ice beast, a lemure and a hound.

Vanquished Creatures
  Sigmund (D:3)
  2 phantoms (D:4)
  3 scorpions (D:4)
  A water moccasin zombie (D:4)
  3 hounds
  A bullfrog skeleton (D:4)
  A scorpion zombie (D:4)
  2 hound skeletons (D:4)
  4 gnolls (D:4)
  6 adders
  An ufetubus (D:4)
  3 adder zombies (D:4)
  An adder skeleton (D:4)
  A worm (D:2)
  4 dart slugs
  6 orcs
  8 bats
  5 endoplasms
  6 giant cockroaches
  4 goblins
  16 hobgoblins
  7 jackals
  2 quokkas (D:3)
  13 ball pythons
  3 frilled lizards
  6 kobolds
  9 rats
119 creatures vanquished.

Vanquished Creatures (others)
  A plant (D:1)
1 creature vanquished.

Grand Total: 120 creatures vanquished

Notes
Turn   | Place    | Note
-------+----------+-------------------------------------------
     0 | D:1      | zishaf the Tengu Air Elementalist began the quest for the
                  | Orb.
     0 | D:1      | Reached XP level 1. HP: 10/10 MP: 4/4
   167 | D:1      | Reached XP level 2. HP: 16/16 MP: 0/6
   234 | D:1      | Learned a level 2 spell: Static Discharge
   285 | D:1      | Reached skill level 1 in Fighting
   402 | D:1      | Found a faded altar of an unknown god.
   699 | D:1      | Reached XP level 3. HP: 20/20 MP: 3/7
  1786 | D:2      | Reached skill level 5 in Air Magic
  1786 | D:2      | Reached XP level 4. HP: 6/26 MP: 6/8
  2520 | D:3      | Noticed Sigmund
  2546 | D:3      | Killed Sigmund
  2547 | D:3      | Reached skill level 6 in Air Magic
  2547 | D:3      | Gained mutation: Your magical nature lets you fly swiftly
                  | and evasively. [Tengu growth]
  2547 | D:3      | Reached XP level 5. HP: 22/31 MP: 9/9
  2547 | D:3      | Reached XP level 6. HP: 26/36 MP: 10/10
  2554 | D:3      | Learned a level 4 spell: Airstrike
  2802 | D:3      | Found the +7 great mace "Firestarter" {inner flame, rF++}
  3765 | D:4      | Reached skill level 5 in Conjurations
  3833 | D:4      | Reached XP level 7. HP: 30/40 MP: 9/12
  4118 | D:4      | Reached skill level 7 in Air Magic
  4968 | D:4      | Reached XP level 8. HP: 42/46 MP: 13/14
  5104 | D:5      | Entered Level 5 of the Dungeon
  5112 | D:5      | Learned a level 6 spell: Conjure Ball Lightning
  5156 | D:5      | Reached skill level 8 in Air Magic
  5157 | D:5      | Slain by an ice beast

Illustrated notes

Levels and vault maps discovered:
D:1:      psy_arrival_basics, layout_basic, basic_ecumenical_altar,
          serial_forest, infiniplex_forest_clump_double,
          infiniplex_forest_straight_3, infiniplex_forest_lined_room_2,
          infiniplex_forest_clump_curved, infiniplex_forest_lined_ring
D:2:      layout_rooms
D:3:      layout_loops_ring, minmay_curled_crystal, chequers_jeans, uniq_sigmund
D:4:      minmay_chambers_of_threes, layout_loops_ring, serial_undead,
          serial_undead_a, serial_undead_a, serial_undead_b, serial_undead_d,
          minivault_26
D:5:      layout_rooms, uniq_pikel, uniq_crazy_yiuf_cottage

Skill      XL: |  1  2  3  4  5  6  7  8 |
---------------+-------------------------+-----
Conjurations   | 2 3 4 5 6 |  6.8
Fighting       | 1 2 3 |  3.6
Air Magic      | 5 6 7 8 |  8.0
Spellcasting   | 3 |  3.6
Dodging        | |  2.1
Stealth        | |  2.0

Action                   |  1- 3 |  4- 6 |  7- 9 || total
-------------------------+-------+-------+-------++-------
Melee: Dagger            |     4 |     4 |     6 ||    14
       Peck              |     1 |     1 |     2 ||     4
       Kick              |       |     6 |     1 ||     7
       Great mace        |       |    10 |       ||    10
 Cast: Shock             |    95 |    87 |    64 ||   246
       Static Discharge  |       |     3 |    18 ||    21
  Use: Potion            |     1 |     3 |       ||     4
       Scroll            |       |     5 |       ||     5
 Stab: Sleeping          |       |     1 |       ||     1
Armor: Robe              |     8 |     1 |     1 ||    10
Dodge: Dodged            |    17 |    18 |    18 ||    53

Table legend: (Time is in decaauts)
 A = Elapsed time spent in this place.
 B = Non-inter-level travel time spent in this place.
 C = Inter-level travel time spent in this place.
 D = Time resting spent in this place.
 E = Time spent auto-exploring this place.
 F = Levels seen in this place.
 G = Mean time per level.
                   A        B        C        D        E       F      G
               +--------+--------+--------+--------+--------+-----+--------+
         Total |   5030 |   4948 |     82 |    410 |   3852 |   5 | 1006.0 |
       Dungeon |   5030 |   4948 |     82 |    410 |   3852 |   5 | 1006.0 |
               +--------+--------+--------+--------+--------+-----+--------+

Top non-repeatable levels by time:
     D:4: 1528 daAuts
     D:1: 1444 daAuts
     D:3: 1255 daAuts
     D:2: 753 daAuts
     D:5: 49 daAuts
